 Dungeon Crawl Stone Soup version 0.30-a0-570-g486de37d69 (webtiles) character file.

Game seed: 12396639829665910337

410 rsvaco the Trooper (level 6, -1/48 HPs)
             Began as a Demonspawn Berserker on Dec 29, 2022.
             Was a Believer of Trog.
             Slain by Duvessa
             ... wielding a +1 rapier of distortion
              (5 damage)
             ... on level 5 of the Dungeon.
             The game lasted 00:09:33 (1508 turns).

rsvaco the Trooper (Demonspawn Berserker)           Turns: 1508, Time: 00:09:33

Health: -1/48      AC: 15    Str: 19    XL:     6   Next: 58%
Magic:  6/6        EV: 11    Int:  9    God:    Trog [**....]
Gold:   144        SH:  0    Dex: 12    Spells: 5/5 levels left

rFire   . . .      SeeInvis .    y - +4 dire flail (heavy)
rCold   . . .      Faith    +    (shield currently unavailable)
rNeg    . . .      Spirit   .    z - +0 scale mail
rPois   .          Reflect  .    (no helmet)
rElec   .          Harm     .    (no cloak)
rCorr   .          Rampage  .    u - +0 pair of gloves
Will    .....                    (no boots) Stlth
                                 A - amulet of faith
HPRegen 0.28/turn                t - +4 ring of protection
MPRegen 0.10/turn                (no ring)

@: no status effects
A: icy blue scales 2, powered by death 1, powered by pain 1, demonic touch 1
a: Renounce Religion, Berserk, Trog's Hand


You were on level 5 of the Dungeon.
You worshipped Trog.
Trog was pleased with you.
You visited 1 branch of the dungeon, and saw 5 of its levels.

You collected 144 gold pieces.

Inventory:

Hand Weapons
 a - a +0 falchion
 o - a +2 short sword of speed
 q - a +1 short sword of distortion
 v - a +0 halberd
 y - a +4 heavy dire flail (weapon)
Missiles
 c - 30 stones
 g - 5 poisoned darts
 w - 6 boomerangs (quivered)
Armour
 b - a +0 animal skin
 k - a +0 leather armour
 s - a +0 ring mail
 u - a +0 pair of gloves (worn)
 z - a +0 scale mail (worn)
Magical Staves
 f - a staff of death
Jewellery
 t - a +4 ring of protection (left hand)
 A - an amulet of faith (around neck)
Scrolls
 e - a scroll of vulnerability {unknown}
 h - a scroll of magic mapping {unknown}
 i - a scroll of enchant weapon {unknown}
 l - 3 scrolls of amnesia {unknown}
 m - 4 scrolls of teleportation {unknown}
 r - 3 scrolls of identify {unknown}
 x - a scroll of fog {unknown}
 B - a scroll of blinking {unknown}
Potions
 d - 2 potions of curing {unknown}
 j - 2 potions of brilliance {unknown}
 n - 2 potions of attraction {unknown}
 p - a potion of magic {unknown}


   Skills:
 + Level 4.1 Fighting
 + Level 2.5(3.4) Short Blades
 + Level 3.4(3.9) Long Blades
 + Level 3.3 Armour
 + Level 3.5 Dodging
 + Level 0.5 Stealth


You had 5 spell levels left.
You didn't know any spells.
Your spell library was empty.

Dungeon Overview and Level Annotations

Branches:
Dungeon (5/15)             Temple (0/1) D:5

Altars:
Kikubaaqudgha
Xom

Shops:
D:2 (

Annotations:
D:5 Duvessa


Innate Abilities, Weirdness & Mutations

You are mostly covered in icy blue scales. (AC +3)
You regenerate a little health from kills.
You sometimes gain a little power by taking damage.
Your touch may inflict minor irresistible damage on your foes.


Message History

You hit the orc.
The orc is severely wounded.
The orc hits you but does no damage. The orc hits you with a +0 trident.
You sock the orc!
You kill the orc!
Trog accepts your kill. The hound barely misses you.
The hound bites you but does no damage.
You impale the hound!!
You kill the hound!
Trog accepts your kill.
No target in view!
Things that are here:
a +0 trident; a +0 ring mail; a hound corpse You now have 144 gold pieces (gained 5).
Duvessa, Sister of Dowan comes into view.
She is wielding a +1 rapier of distortion.
No target in view!
Found a scroll labelled TOIKESS ZAORR.
Duvessa is nearby!
You bludgeon Duvessa!!
Duvessa is heavily wounded.
Duvessa closely misses you. Duvessa hits you but does no damage.
Space warps horribly around you!
You closely miss Duvessa.
Duvessa is heavily wounded.
Duvessa hits you with a +1 rapier of distortion.
Space warps around you. Duvessa hits you but does no damage.
Space warps horribly around you!
You are too injured to fight recklessly!
You are too injured to fight recklessly!
You are too injured to fight recklessly!
You puncture Duvessa!
Duvessa is severely wounded.
Duvessa misses you.
Duvessa hits you with a +1 rapier of distortion!
* * * LOW HITPOINT WARNING * * *
Space warps around you!
* * * LOW HITPOINT WARNING * * *
Duvessa attacks as you move away! Duvessa hits you but does no damage.
Space warps around you.
You die...

..# ##########.###
.## ##
#######.....)....#
... ....##.#######..#
#.. #.#.##.# #..#
#..##.#.##.# #..#
#..........# #..#
......#.##.# #.##
.#.##..#e##.# #.#
.?.....@.##.#######.#
...##.#####.........
. # ##########


You could see Duvessa.

Vanquished Creatures
  Edmund (D:5)
  A black bear (D:5)
  A hound (D:5)
  An iguana (D:5)
  An orc wizard (D:4)
  4 gnolls (D:4)
  An adder (D:2)
  2 ufetubi
  A worm (D:2)
  2 dart slugs (D:2)
  3 orcs
  4 bats
  2 endoplasms
  A goblin (D:1)
  5 hobgoblins
  5 kobolds
  4 quokkas
  4 ball pythons
  2 frilled lizards (D:1)
  6 rats
51 creatures vanquished.

Vanquished Creatures (others)
  2 plants (D:3)
2 creatures vanquished.

Grand Total: 53 creatures vanquished

Notes
Turn   | Place    | Note
-------+----------+-------------------------------------------
     0 | D:1      | rsvaco the Demonspawn Berserker began the quest for the
                  | Orb.
     0 | D:1      | Reached XP level 1. HP: 18/18 MP: 1/1
   235 | D:1      | Gained mutation: You are partially covered in icy blue
                  | scales. (AC +2) [demonic ancestry]
   235 | D:1      | Reached XP level 2. HP: 24/24 MP: 2/2
   482 | D:2      | Found Itilymm's Weapon Emporium.
   496 | D:2      | Gained mutation: You regenerate a little health from kills.
                  | [demonic ancestry]
   496 | D:2      | Reached XP level 3. HP: 17/29 MP: 3/3
   621 | D:2      | Reached ** piety under Trog
   623 | D:2      | Found a faded altar of an unknown god.
   937 | D:4      | Gained mutation: Your touch may inflict minor irresistible
                  | damage on your foes. [demonic ancestry]
   937 | D:4      | Reached XP level 4. HP: 35/35 MP: 4/4
  1196 | D:4      | Found an ancient bone altar of Kikubaaqudgha.
  1220 | D:5      | Entered Level 5 of the Dungeon
  1220 | D:5      | Noticed a black bear
  1247 | D:5      | Killed a black bear
  1248 | D:5      | Reached skill level 1 in Short Blades
  1248 | D:5      | Gained mutation: You sometimes gain a little power by
                  | taking damage. [demonic ancestry]
  1248 | D:5      | Reached XP level 5. HP: 31/42 MP: 5/5
  1258 | D:5      | Noticed Edmund
  1314 | D:5      | Killed Edmund
  1315 | D:5      | Reached skill level 4 in Fighting
  1315 | D:5      | Gained mutation: You are mostly covered in icy blue scales.
                  | (AC +3) [demonic ancestry]
  1315 | D:5      | Reached XP level 6. HP: 24/48 MP: 6/6
  1404 | D:5      | Found a staircase to the Ecumenical Temple.
  1456 | D:5      | Found a shimmering altar of Xom.
  1499 | D:5      | Noticed Duvessa
  1508 | D:5      | Slain by Duvessa

Illustrated notes

Levels and vault maps discovered:
D:1:      erik_arrival_orb_chamber, layout_basic, minmay_pentomino_w2
D:2:      layout_rooms, serial_shops, shop, hellmonk_ecumenical_altar_run_dry
D:3:      cheibrodos_greedy_goblins, layout_basic, nicolae_elyvilon_temple_path,
          marbit_many_paths, nicolae_overflow_crystal_walls
D:4:      layout_loops_ring, mainiacjoe_overflow_alcove_1
D:5:      layout_loops_cross, mainiacjoe_overflow_boulevard,
          minmay_temple_entry_grid, uniq_edmund, uniq_duvessa,
          uniq_crazy_yiuf_cottage

Skill      XL: |  1  2  3  4  5 |
---------------+----------------+-----
Long Blades    | 3 |  3.4
Dodging        | 2 3 |  3.5
Armour         | 2 3 |  3.3
Short Blades   | 1 2 |  2.5
Fighting       | 4 |  4.1
Stealth        | |  0.5

Action                   |  1- 3 |  4- 6 || total
-------------------------+-------+-------++-------
Melee: Falchion          |    75 |       ||    75
       Short sword       |    76 |    47 ||   123
       Touch             |       |     7 ||     7
       Dire flail        |       |     9 ||     9
Invok: Berserk           |     2 |       ||     2
  Use: Scroll            |       |     1 ||     1
 Stab: Sleeping          |     1 |       ||     1
Armor: Animal skin       |    21 |       ||    21
       Leather armour    |     7 |       ||     7
       Ring mail         |    30 |    34 ||    64
       Scale mail        |       |     7 ||     7
Dodge: Dodged            |    94 |    26 ||   120

Table legend: (Time is in decaauts)
 A = Elapsed time spent in this place.
 B = Non-inter-level travel time spent in this place.
 C = Inter-level travel time spent in this place.
 D = Time resting spent in this place.
 E = Time spent auto-exploring this place.
 F = Levels seen in this place.
 G = Mean time per level.
                   A        B        C        D        E       F      G
               +--------+--------+--------+--------+--------+-----+--------+
         Total |   1485 |   1061 |    424 |      0 |    529 |   5 |  297.0 |
       Dungeon |   1485 |   1061 |    424 |      0 |    529 |   5 |  297.0 |
               +--------+--------+--------+--------+--------+-----+--------+

Top non-repeatable levels by time:
     D:1: 388 daAuts
     D:4: 385 daAuts
     D:2: 323 daAuts
     D:5: 282 daAuts
     D:3: 104 daAuts
